[Event "Weekend Groninger Combinatie 2019"]
[Site "Groningen"]
[Date "2019.06.02"]
[Round "6.1"]
[White "Wempe, Joost"]
[Black "Maris, Ivo"]
[Result "1/2-1/2"]
[ECO "A41"]
[WhiteElo "2261"]
[BlackElo "2386"]
[Annotator "ChessBase"]
[PlyCount "77"]
[EventDate "2019.05.30"]
[EventType "swiss"]
[EventCountry "NED"]
[SourceTitle "playchess.com"]
[Source "ChessBase"]
[SourceQuality "1"]
[TimeControl "5400+30"]

1. d4 d6 2. Nf3 g6 3. c4 Bg7 4. Nc3 e5 5. e3 Nd7 6. Be2 Ne7 7. O-O O-O 8. b4 exd4 9. exd4 d5 10. Bg5 dxc4 11. Bxc4 h6 12. Bh4 Nb6 13. Bb3 g5 14. Bg3 Nf5 15. Ne2 Re8 16. h3 Nxg3 17. Nxg3 Nd5 18. Ne5 Be6 19. Nh5 Bh8 20. Ng4 Bg7 21. Qf3 Nf4 22. Bxe6 Rxe6 23. Nxf4 gxf4 24. Qxf4 Qxd4 25. Qxc7 Qb6 26. Rac1 Rd8 27. Rc4 Qxc7 28. Rxc7 Rd2 29. Ne3 Bd4 30. Rxb7 Rxa2 31. Rd1 Bxe3 32. fxe3 Rg6 33. g4 Re6 34. Rf1 Rxe3 35. Rfxf7 Rg3+ 36. Kf1 Rxh3 37. Rg7+ Kh8 38. Rh7+ Kg8 39. Rbg7+ 1/2-1/2

[Event "Weekend Groninger Combinatie 2019"]
[Site "Groningen"]
[Date "2019.06.02"]
[Round "6.2"]
[White "Ernst, Sipke"]
[Black "Elgersma, Simon"]
[Result "1-0"]
[ECO "D27"]
[WhiteElo "2540"]
[BlackElo "2088"]
[Annotator "ChessBase"]
[PlyCount "65"]
[EventDate "2019.05.30"]
[EventType "swiss"]
[EventCountry "NED"]
[SourceTitle "playchess.com"]
[Source "ChessBase"]
[SourceQuality "1"]
[TimeControl "5400+30"]

1. d4 d5 2. c4 e6 3. Nc3 a6 4. e3 Nf6 5. Nf3 dxc4 6. a4 c5 7. Bxc4 Nc6 8. O-O Be7 9. dxc5 O-O 10. Qe2 Bxc5 11. e4 Nd4 12. Nxd4 Bxd4 13. e5 Nd7 14. Bf4 Qc7 15. Rad1 Bxc3 16. bxc3 Re8 17. h4 Nf8 18. h5 Bd7 19. Bb3 b5 20. axb5 Qxc3 21. Bc4 Bxb5 22. Bxb5 axb5 23. Qxb5 Rec8 24. Qe2 Rab8 25. Rfe1 Rb2 26. Qg4 Qc2 27. Rd2 Qc3 28. Bh6 g6 29. Qh4 Nd7 30. Rdd1 Re8 31. Re3 Qc7 32. Red3 Rd8 33. Qf6 1-0

[Event "Weekend Groninger Combinatie 2019"]
[Site "Groningen"]
[Date "2019.06.02"]
[Round "6.3"]
[White "Nicolai, Amir"]
[Black "Zwirs, Nico"]
[Result "0-1"]
[ECO "B90"]
[WhiteElo "2095"]
[BlackElo "2386"]
[Annotator "ChessBase"]
[PlyCount "76"]
[EventDate "2019.05.30"]
[EventType "swiss"]
[EventCountry "NED"]
[SourceTitle "playchess.com"]
[Source "ChessBase"]
[SourceQuality "1"]
[TimeControl "5400+30"]

1. e4 c5 2. Nc3 a6 3. Nf3 d6 4. d4 cxd4 5. Nxd4 Nf6 6. h3 Nc6 7. g4 Qb6 8. Nde2 e6 9. Be3 Qc7 10. g5 Nd7 11. Bg2 b5 12. Qd2 Bb7 13. O-O-O Nb6 14. b3 b4 15. Nd5 exd5 16. exd5 Ne7 17. Nf4 Nf5 18. Rhe1 Be7 19. Qxb4 Nxe3 20. Rxe3 O-O 21. Rc3 Qd8 22. h4 Rb8 23. Qd4 Re8 24. Nh5 Bf8 25. f4 Bc8 26. Rg1 Bf5 27. Rc6 Nc8 28. Rxa6 Ne7 29. Nf6+ gxf6 30. gxf6 Ng6 31. h5 Re2 32. hxg6 hxg6 33. Bh3 Rxc2+ 34. Kd1 Qe8 35. Bg4 Bxg4+ 36. Kxc2 Qe2+ 37. Kc3 Qxa6 38. Rxg4 Qc8+ 0-1

[Event "Weekend Groninger Combinatie 2019"]
[Site "Groningen"]
[Date "2019.06.02"]
[Round "6.4"]
[White "Knol, Geon"]
[Black "Hoeksema, Hendrik Pieter"]
[Result "0-1"]
[ECO "B26"]
[WhiteElo "2082"]
[BlackElo "2349"]
[Annotator "ChessBase"]
[PlyCount "80"]
[EventDate "2019.05.30"]
[EventType "swiss"]
[EventCountry "NED"]
[SourceTitle "playchess.com"]
[Source "ChessBase"]
[SourceQuality "1"]
[TimeControl "5400+30"]

1. e4 d6 2. g3 c5 3. Nc3 Nc6 4. Bg2 g6 5. d3 Bg7 6. Be3 Nf6 7. h3 O-O 8. Qd2 e5 9. Nge2 Nd4 10. g4 Be6 11. Ng3 b5 12. Nd5 Nd7 13. c3 Nc6 14. O-O Bxd5 15. exd5 Ne7 16. c4 f5 17. Bg5 Bf6 18. Bh6 Rf7 19. cxb5 Bh4 20. Ne2 fxg4 21. hxg4 Nf6 22. Bg5 Bxg5 23. Qxg5 Qf8 24. f4 h6 25. Qh4 exf4 26. g5 Nh5 27. gxh6 Qxh6 28. Nxf4 Nf5 29. Qh2 Nfg3 30. Rf3 Rxf4 31. Rxg3 Qg7 32. Re3 Qd4 33. Rae1 Re8 34. Be4 Rg4+ 35. Kh1 Re5 36. Rg1 Rxg1+ 37. Qxg1 Nf4 38. Qe1 Rh5+ 39. Kg1 Rh3 40. Kf2 Nxd3+ 0-1

[Event "Weekend Groninger Combinatie 2019"]
[Site "Groningen"]
[Date "2019.06.02"]
[Round "6.5"]
[White "Van Hamond, Fons"]
[Black "De Boer, Eelke"]
[Result "0-1"]
[ECO "E72"]
[WhiteElo "1998"]
[BlackElo "2333"]
[Annotator "ChessBase"]
[PlyCount "48"]
[EventDate "2019.05.30"]
[EventType "swiss"]
[EventCountry "NED"]
[SourceTitle "playchess.com"]
[Source "ChessBase"]
[SourceQuality "1"]
[TimeControl "5400+30"]

1. g3 Nf6 2. Bg2 g6 3. c4 Bg7 4. Nc3 O-O 5. d4 d6 6. e4 c5 7. dxc5 dxc5 8. Be3 Nc6 9. Bxc5 Nd7 10. Ba3 Qa5 11. Nge2 Nde5 12. Qd5 Qb6 13. c5 Qa5 14. O-O Be6 15. Qd1 Nc4 16. Rb1 Nxa3 17. bxa3 Bxc3 18. Nxc3 Qxc3 19. Qc1 Qxc1 20. Rfxc1 Rab8 21. Rb2 Rfd8 22. Rcb1 a6 23. f4 Na5 24. Bf1 Rbc8 0-1

[Event "Weekend Groninger Combinatie 2019"]
[Site "Groningen"]
[Date "2019.06.02"]
[Round "6.6"]
[White "Pel, Bonno"]
[Black "De Boer, Bas"]
[Result "1/2-1/2"]
[ECO "A00"]
[WhiteElo "2260"]
[BlackElo "2095"]
[Annotator "ChessBase"]
[PlyCount "97"]
[EventDate "2019.05.30"]
[EventType "swiss"]
[EventCountry "NED"]
[SourceTitle "playchess.com"]
[Source "ChessBase"]
[SourceQuality "1"]
[TimeControl "5400+30"]

1. g3 d5 2. Bg2 e5 3. d3 Nf6 4. Nf3 Bd6 5. O-O O-O 6. c4 d4 7. c5 Bxc5 8. Nxe5 c6 9. Qc2 Qe7 10. Nf3 Na6 11. a3 Re8 12. Re1 Be6 13. b4 Bb6 14. Bb2 Rad8 15. Nbd2 c5 16. bxc5 Qxc5 17. Qa4 Qh5 18. Nxd4 Ng4 19. N2f3 Nc5 20. Qb4 Bd5 21. h3 Bxf3 22. hxg4 Bxg4 23. Nf3 Ne6 24. Qd2 Bh3 25. Bh1 Bg4 26. Rac1 h6 27. Rc4 Rc8 28. Rec1 Rxc4 29. Rxc4 Ng5 30. Nxg5 hxg5 31. e3 Bf3 32. Bg2 Bxg2 33. Kxg2 g4 34. Qc3 f6 35. Re4 Rxe4 36. dxe4 Qe8 37. Qc4+ Kh8 38. Qd5 Qc8 39. a4 Bxe3 40. fxe3 Qc2+ 41. Kf1 Qb1+ 42. Ke2 Qxb2+ 43. Kd3 Qb1+ 44. Kc4 Qc1+ 45. Kb4 Qe1+ 46. Kc4 Qxg3 47. Qh5+ Kg8 48. Qe8+ Kh7 49. Qh5+ 1/2-1/2

[Event "Weekend Groninger Combinatie 2019"]
[Site "Groningen"]
[Date "2019.06.02"]
[Round "6.7"]
[White "Traetmar, Mattis"]
[Black "Den Boer, Paul"]
[Result "1-0"]
[ECO "C65"]
[WhiteElo "1988"]
[BlackElo "1901"]
[Annotator "NA"]
[PlyCount "118"]
[EventDate "2019.05.30"]
[EventType "swiss"]
[EventCountry "NED"]
[SourceTitle "playchess.com"]
[Source "ChessBase"]
[SourceQuality "1"]
[TimeControl "5400+30"]

1. e4 e5 2. Nf3 Nc6 3. Bb5 Nf6 4. d3 Bc5 5. O-O d6 6. c3 O-O 7. Re1 {[%emt 0:00:02] C65: Ruy Lopez: Berlin Defence (3...Nf6), unusual lines and 4 0-0 Bc5} (7. Ba4 Ne7 8. Bc2 Ng6 9. d4 Bb6 10. a4 c6 11. dxe5 Nxe5 12. Nxe5 dxe5 13. Qxd8 Rxd8 14. a5 Bc5 {1-0 (39) Carlsen,M (2845)-Grischuk,A (2771) Shamkir 2019}) 7... a6 8. Ba4 Ba7 9. h3 Ne7 10. Nbd2 Ng6 11. Nf1 Nh5 12. Nxe5 Nxe5 $146 ({Predecessor:} 12... Qh4 13. Nf3 Qxf2+ 14. Kh1 Nh4 15. Re2 Qxf1+ {0-1 (15) Aguila Hernandez,E (1701)-Also Alvarado,L (2178) Gran Canaria 2011}) 13. Qxh5 Nxd3 14. Re2 Nxc1 15. Rxc1 Qf6 16. Ne3 Qf4 17. g3 Qe5 18. Qh4 Qe6 19. Nf5 Qxa2 20. Ne7+ Kh8 21. e5 Qe6 22. Re4 Qxh3 23. Qg5 Qh6 24. Qxh6 gxh6 25. exd6 cxd6 26. Nxc8 Raxc8 27. Re7 Rb8 28. Rd1 Kg7 29. b4 a5 30. Rxd6 axb4 31. cxb4 Rbd8 32. Rxd8 Rxd8 33. Rxb7 Bd4 34. Bb3 Rf8 35. b5 h5 36. b6 Kg6 (36... Kh8 $16 37. Kg2 Re8) 37. Rd7 Be5 38. f4 Bb8 39. Kg2 h4 40. Bc2+ Kg7 41. gxh4 Bxf4 42. Bb3 Be3 43. b7 Ba7 44. Kf3 Kg6 45. Rc7 Bb8 46. Rc8 Kg7 47. Ba4 f5 48. Be8 Be5 49. b8=Q Bxb8 50. Rxb8 Rf6 51. Kf4 Rf8 52. Rb7+ Kf6 53. Bh5 {[%emt 0:01:00] Kg7} Ke6 54. Rxh7 Rf6 55. Rh8 Ke7 56. Re8+ Kd7 57. Kg5 Re6 58. Rxe6 Kxe6 59. Kg6 f4 1-0

[Event "Weekend Groninger Combinatie 2019"]
[Site "Groningen"]
[Date "2019.06.02"]
[Round "6.8"]
[White "Duijker, Rick"]
[Black "Seijen, Henk"]
[Result "1/2-1/2"]
[ECO "B06"]
[WhiteElo "2164"]
[BlackElo "1750"]
[Annotator "ChessBase"]
[PlyCount "140"]
[EventDate "2019.05.30"]
[EventType "swiss"]
[EventCountry "NED"]
[SourceTitle "playchess.com"]
[Source "ChessBase"]
[SourceQuality "1"]
[TimeControl "5400+30"]

1. d4 g6 2. e4 Bg7 3. Nc3 d6 4. Be3 a6 5. Qd2 Nd7 6. O-O-O b5 7. f3 Nb6 8. Bd3 Nf6 9. g4 h5 10. g5 Nfd7 11. Nge2 c5 12. dxc5 dxc5 13. Nd5 O-O 14. Nxb6 Qxb6 15. f4 Bb7 16. Rhe1 Rfd8 17. e5 Qe6 18. Qa5 c4 19. Nd4 Qb6 20. Qxb6 Nxb6 21. Bf1 Nd5 22. Bd2 e6 23. c3 Bf8 24. Bg2 Rab8 25. Bxd5 Bxd5 26. Be3 b4 27. Ne2 Be4 28. Ba7 Rbc8 29. Bb6 Rxd1+ 30. Kxd1 Bd3 31. Ba5 Bxe2+ 32. Kxe2 bxc3 33. Bxc3 Rd8 34. Rd1 Rxd1 35. Kxd1 Bc5 36. Ke2 Kf8 37. a3 Ke8 38. Kf3 Kd7 39. Ke4 Bg1 40. h3 Kc6 41. Bd4 Bh2 42. Be3 Bg3 43. a4 Be1 44. Kd4 c3 45. bxc3 Bg3 46. Kd3 Be1 47. c4 Bb4 48. Bd2 Bc5 49. Kc3 Kb6 50. Kc2 Kc6 51. Kd3 Ba3 52. Be3 Bb4 53. Bf2 Ba3 54. Kc2 Bb4 55. Be3 Ba5 56. Kb2 Be1 57. Kb3 Ba5 58. Bc1 Be1 59. Be3 Ba5 60. Kc2 Be1 61. Kd3 Bb4 62. Bd4 Be1 63. Bc3 Bf2 64. Bb4 Bb6 65. Ke4 Bf2 66. Bc3 Bc5 67. Bd4 Bb4 68. Bb2 Bc5 69. Bc3 Ba3 70. Bd4 Bb4 1/2-1/2

[Event "Weekend Groninger Combinatie 2019"]
[Site "Groningen"]
[Date "2019.06.02"]
[Round "6.9"]
[White "Wichtrup, Jan-Louis"]
[Black "Van den Heuvel, Annelies"]
[Result "1-0"]
[ECO "D06"]
[WhiteElo "2110"]
[BlackElo "1656"]
[Annotator "ChessBase"]
[PlyCount "41"]
[EventDate "2019.05.30"]
[EventType "swiss"]
[EventCountry "NED"]
[SourceTitle "playchess.com"]
[Source "ChessBase"]
[SourceQuality "1"]
[TimeControl "5400+30"]

1. d4 Nf6 2. c4 c5 3. Nf3 cxd4 4. Nxd4 d5 5. cxd5 Nxd5 6. g3 g6 7. Nb5 Qa5+ 8. N1c3 Nxc3 9. Nxc3 Bg7 10. Bg2 Bxc3+ 11. bxc3 Qxc3+ 12. Bd2 Qa3 13. O-O O-O 14. Bh6 Re8 15. Qd4 e5 16. Qh4 Nd7 17. Rfd1 Qe7 18. Bg5 Qf8 19. Rac1 Nb6 20. Bh6 Qe7 21. Qxe7 1-0

[Event "Weekend Groninger Combinatie 2019"]
[Site "Groningen"]
[Date "2019.06.02"]
[Round "6.10"]
[White "Hilwerda, Jonas"]
[Black "De Boer, Rein"]
[Result "1/2-1/2"]
[ECO "D00"]
[WhiteElo "2317"]
[BlackElo "2053"]
[Annotator "ChessBase"]
[PlyCount "37"]
[EventDate "2019.05.30"]
[EventType "swiss"]
[EventCountry "NED"]
[SourceTitle "playchess.com"]
[Source "ChessBase"]
[SourceQuality "1"]
[TimeControl "5400+30"]

1. d4 d5 2. Bf4 c5 3. e3 Nf6 4. c3 Nc6 5. Nd2 Bf5 6. Qb3 Qd7 7. h3 e6 8. Ngf3 c4 9. Qd1 Bd6 10. Bxd6 Qxd6 11. Nh4 O-O 12. Nxf5 exf5 13. g3 Rfe8 14. Qf3 g6 15. Be2 Re7 16. Qf4 Qxf4 17. gxf4 b5 18. Kd1 Rb8 19. Bf3 1/2-1/2

[Event "Weekend Groninger Combinatie 2019"]
[Site "Groningen"]
[Date "2019.06.02"]
[Round "7.1"]
[White "Zwirs, Nico"]
[Black "Ernst, Sipke"]
[Result "1-0"]
[ECO "C41"]
[WhiteElo "2386"]
[BlackElo "2540"]
[Annotator "ChessBase"]
[PlyCount "77"]
[EventDate "2019.05.30"]
[EventType "swiss"]
[EventCountry "NED"]
[SourceTitle "playchess.com"]
[Source "ChessBase"]
[SourceQuality "1"]
[TimeControl "5400+30"]

1. e4 e5 2. Nf3 d6 3. d4 exd4 4. Nxd4 Nf6 5. Nc3 Be7 6. Bf4 O-O 7. Qd2 a6 8. O-O-O b5 9. f3 c5 10. Nf5 Bxf5 11. exf5 Nc6 12. g4 Nd4 13. Be3 Nxf3 14. Qg2 Ne5 15. Be2 b4 16. Na4 Nfd7 17. g5 Re8 18. h4 Qc7 19. Bf4 Rac8 20. Bxa6 Ra8 21. Bb5 Reb8 22. b3 c4 23. f6 Bf8 24. Bxd7 Nxd7 25. fxg7 Kxg7 26. g6 fxg6 27. h5 cxb3 28. axb3 Rxa4 29. bxa4 Qc3 30. Rd3 Qa1+ 31. Kd2 Qf6 32. Bg5 Qe5 33. hxg6 Nc5 34. Rxh7+ Kg8 35. Rh8+ Kg7 36. Rh7+ Kg8 37. Qd5+ Qxd5 38. Rxd5 b3 39. Rxc5 1-0

[Event "Weekend Groninger Combinatie 2019"]
[Site "Groningen"]
[Date "2019.06.02"]
[Round "7.2"]
[White "Hoeksema, Hendrik Pieter"]
[Black "Maris, Ivo"]
[Result "0-1"]
[ECO "A42"]
[WhiteElo "2349"]
[BlackElo "2386"]
[Annotator "RC"]
[PlyCount "68"]
[EventDate "2019.05.30"]
[EventType "swiss"]
[EventCountry "NED"]
[SourceTitle "playchess.com"]
[Source "ChessBase"]
[SourceQuality "1"]
[TimeControl "5400+30"]

1. d4 d6 2. c4 e5 3. Nc3 g6 4. Nf3 Bg7 5. e4 Nc6 6. d5 Nd4 7. Nxd4 exd4 8. Nb5 Nf6 9. Nxd4 Nxe4 10. Be3 c5 11. Nb3 Bxb2 12. Bd3 Bc3+ 13. Kf1 f5 14. Rc1 Bg7 15. Nd2 Nf6 16. h3 O-O 17. Nf3 Kh8 18. Qc2 b5 19. cxb5 Nxd5 20. Bg5 Qc7 21. Bd2 Bb7 22. Kg1 Rae8 23. Kh2 Nf6 24. Rhd1 Nh5 25. Kg1 Bxf3 26. gxf3 Be5 27. Qc4 Qb7 28. Bf1 Qe7 29. Re1 Qf6 30. Be3 g5 31. a4 Rg8 32. Bd2 g4 33. fxg4 fxg4 34. hxg4 Qh4 0-1

[Event "Weekend Groninger Combinatie 2019"]
[Site "Groningen"]
[Date "2019.06.02"]
[Round "7.3"]
[White "Colbow, Collin"]
[Black "Wichtrup, Jan-Louis"]
[Result "1/2-1/2"]
[ECO "C77"]
[WhiteElo "2169"]
[BlackElo "2110"]
[Annotator "ChessBase"]
[PlyCount "102"]
[EventDate "2019.05.30"]
[EventType "swiss"]
[EventCountry "NED"]
[SourceTitle "playchess.com"]
[Source "ChessBase"]
[SourceQuality "1"]
[TimeControl "5400+30"]

1. e4 e5 2. Nf3 Nc6 3. Bb5 a6 4. Ba4 Nf6 5. Nc3 Bd6 6. d4 exd4 7. Nxd4 Nxd4 8. Qxd4 Qe7 9. Qd3 Be5 10. f3 O-O 11. Bg5 c6 12. O-O-O Re8 13. Rhe1 h6 14. Bh4 b5 15. Bb3 d6 16. Ne2 g5 17. Bf2 c5 18. c4 Nh5 19. g3 Be6 20. Nc3 Qf6 21. Rd2 Rab8 22. Be3 bxc4 23. Bxc4 Bxc3 24. bxc3 Rb6 25. Bxe6 fxe6 26. e5 Qxe5 27. Bf2 Qf6 28. Rde2 Ng7 29. f4 g4 30. Rb2 Reb8 31. Rxb6 Rxb6 32. Re2 Kf7 33. Rb2 Qd8 34. Re2 Qb8 35. Qh7 Qb7 36. Qd3 Nf5 37. Qc2 h5 38. Qd3 Qc6 39. Qc4 Qd5 40. Qxd5 exd5 41. Rd2 Ke6 42. Re2+ Kd7 43. Kc2 Rb8 44. Rd2 Kc6 45. Re2 Kd7 46. Rd2 Ne7 47. Rd1 Rf8 48. Rb1 Kc6 49. Re1 Kd7 50. Rb1 Kc6 51. Re1 Kd7 1/2-1/2

[Event "Weekend Groninger Combinatie 2019"]
[Site "Groningen"]
[Date "2019.06.02"]
[Round "7.4"]
[White "De Boer, Eelke"]
[Black "Duijker, Rick"]
[Result "0-1"]
[ECO "B32"]
[WhiteElo "2333"]
[BlackElo "2164"]
[Annotator "ChessBase"]
[PlyCount "110"]
[EventDate "2019.05.30"]
[EventType "swiss"]
[EventCountry "NED"]
[SourceTitle "playchess.com"]
[Source "ChessBase"]
[SourceQuality "1"]
[TimeControl "5400+30"]

1. e4 c5 2. Nf3 Nc6 3. d4 cxd4 4. Nxd4 e5 5. Nb5 a6 6. Nd6+ Bxd6 7. Qxd6 Qf6 8. Qd1 Qg6 9. Nc3 d5 10. Nxd5 Qxe4+ 11. Ne3 Nf6 12. Bd3 Qb4+ 13. c3 Qe7 14. O-O O-O 15. Bc2 Be6 16. Qf3 Rad8 17. Nf5 Bxf5 18. Qxf5 Qd7 19. Qf3 Qd5 20. Qe2 e4 21. Be3 Ne5 22. Rfd1 Qc4 23. Qxc4 Nxc4 24. Bd4 b5 25. b3 Na3 26. Bxf6 Rxd1+ 27. Rxd1 Nxc2 28. Be7 Rc8 29. Kf1 f5 30. Rd8+ Rxd8 31. Bxd8 b4 32. Ba5 bxc3 33. Bxc3 Na3 34. Ke2 Kf7 35. Ke3 g5 36. Kd4 Nb5+ 37. Kc4 f4 38. a4 Nc7 39. b4 Ke6 40. Bd4 g4 41. Bc3 Nd5 42. Kd4 e3 43. fxe3 Nxe3 44. Ke4 Nxg2 45. Be5 f3 46. Bg3 h5 47. b5 axb5 48. axb5 h4 49. Bf2 Kd6 50. Kd4 g3 51. hxg3 h3 52. g4 h2 53. Bg3+ Kd7 54. Bxh2 f2 55. b6 Kc6 0-1

[Event "Weekend Groninger Combinatie 2019"]
[Site "Groningen"]
[Date "2019.06.02"]
[Round "7.5"]
[White "De Boer, Rein"]
[Black "Wempe, Joost"]
[Result "0-1"]
[ECO "C06"]
[WhiteElo "2053"]
[BlackElo "2261"]
[Annotator "ChessBase"]
[PlyCount "80"]
[EventDate "2019.05.30"]
[EventType "swiss"]
[EventCountry "NED"]
[SourceTitle "playchess.com"]
[Source "ChessBase"]
[SourceQuality "1"]
[TimeControl "5400+30"]

1. e4 e6 2. d4 d5 3. Nd2 Nf6 4. e5 Nfd7 5. Bd3 c5 6. c3 Nc6 7. Ne2 cxd4 8. cxd4 f6 9. exf6 Nxf6 10. Nf3 Bd6 11. O-O Qc7 12. Bd2 O-O 13. Rc1 Bd7 14. Ng3 Qb6 15. Bc3 Bf4 16. Rc2 Nb4 17. Bxb4 Qxb4 18. Ne2 Bd6 19. Nc3 Rae8 20. a3 Qb6 21. Ne5 Kh8 22. Rd2 Re7 23. g3 Qxd4 24. Nxd7 Nxd7 25. Bxh7 Qf6 26. Bb1 Bc5 27. Qc2 g5 28. Qd1 Ne5 29. Kg2 g4 30. Na4 Nf3 31. Nxc5 Qh6 32. h4 gxh3+ 33. Kh1 Qxd2 34. Qa4 Qd4 35. b4 Qg4 36. Nd3 e5 37. Qc2 Qe4 38. Qc5 Ng5+ 39. f3 Rxf3 40. Nf2 Qc4 0-1

[Event "Weekend Groninger Combinatie 2019"]
[Site "Groningen"]
[Date "2019.06.02"]
[Round "7.6"]
[White "Bosboom, Ardin"]
[Black "Pel, Bonno"]
[Result "0-1"]
[ECO "A41"]
[WhiteElo "1965"]
[BlackElo "2260"]
[Annotator "ChessBase"]
[PlyCount "108"]
[EventDate "2019.05.30"]
[EventType "swiss"]
[EventCountry "NED"]
[SourceTitle "playchess.com"]
[Source "ChessBase"]
[SourceQuality "1"]
[TimeControl "5400+30"]

1. d4 g6 2. c4 Bg7 3. Nc3 d6 4. Nf3 Nd7 5. g3 c6 6. Bg2 a6 7. a4 a5 8. O-O Ngf6 9. e4 O-O 10. h3 e5 11. Be3 Qe7 12. d5 Nc5 13. Ne1 Nfd7 14. Nd3 Nxd3 15. Qxd3 Nc5 16. Qc2 Bd7 17. Rad1 Rac8 18. dxc6 bxc6 19. Qd2 Be6 20. Qxd6 Qxd6 21. Rxd6 Nb7 22. Rd2 Bxc4 23. Rc1 Nd8 24. Ne2 Bb3 25. Rc3 Rb8 26. Rc5 Ra8 27. Rd3 Bxa4 28. Ra3 Bb5 29. Nc3 Ne6 30. Nxb5 Nxc5 31. Nc7 Nb7 32. Nxa8 Rxa8 33. Rd3 Bf8 34. Bf1 Bc5 35. Bxc5 Nxc5 36. Rc3 Nxe4 37. Rxc6 Rb8 38. Bg2 Nd2 39. Rc5 e4 40. Rc2 Rd8 41. g4 Kg7 42. Kh2 Kf6 43. Kg3 Rd3+ 44. Kh4 h6 45. Rc6+ Ke5 46. g5 Nf3+ 47. Bxf3 hxg5+ 48. Kxg5 Rxf3 49. Rc5+ Kd4 50. Rxa5 Rxf2 51. Ra4+ Kd3 52. Ra3+ Kd2 53. Ra4 e3 54. Rd4+ Ke1 0-1

[Event "Weekend Groninger Combinatie 2019"]
[Site "Groningen"]
[Date "2019.06.02"]
[Round "7.7"]
[White "De Boer, Bas"]
[Black "Noordenbos, Daan"]
[Result "0-1"]
[ECO "E62"]
[WhiteElo "2095"]
[BlackElo "2033"]
[Annotator "NA"]
[PlyCount "80"]
[EventDate "2019.05.30"]
[EventType "swiss"]
[EventCountry "NED"]
[SourceTitle "playchess.com"]
[Source "ChessBase"]
[SourceQuality "1"]
[TimeControl "5400+30"]

1. Nf3 Nf6 2. c4 g6 3. Nc3 Bg7 4. g3 O-O 5. Bg2 d6 6. O-O Nc6 7. d4 e5 8. d5 Ne7 9. e4 a5 10. h3 Nd7 11. Be3 h6 12. Nd2 f5 13. exf5 Nxf5 14. Nde4 b6 15. Qd2 Kh7 16. h4 Nf6 17. Nxf6+ Bxf6 18. Ne4 Bg7 19. Rac1 Bd7 20. b3 Qe7 21. a3 Qf7 22. Rc3 Nd4 23. Bxd4 exd4 24. Rd3 Rae8 25. Re1 Bf5 26. b4 axb4 27. axb4 Kh8 28. Ra3 Re7 29. Ra7 Rfe8 30. f3 Kh7 31. Raa1 Be5 32. f4 Bg7 33. Nf2 Re3 34. g4 Bc8 35. Rf1 Qxf4 36. Nd1 Qxg4 37. Nxe3 dxe3 38. Qe1 e2 39. Rf7 Qd4+ 40. Kh2 Qe5+ 0-1

[Event "Weekend Groninger Combinatie 2019"]
[Site "Groningen"]
[Date "2019.06.02"]
[Round "7.8"]
[White "Elgersma, Simon"]
[Black "Traetmar, Mattis"]
[Result "1/2-1/2"]
[ECO "B90"]
[WhiteElo "2088"]
[BlackElo "1988"]
[Annotator "NA"]
[PlyCount "145"]
[EventDate "2019.05.30"]
[EventType "swiss"]
[EventCountry "NED"]
[SourceTitle "playchess.com"]
[Source "ChessBase"]
[SourceQuality "1"]
[TimeControl "5400+30"]

1. e4 c5 2. Nf3 d6 3. d4 cxd4 4. Nxd4 Nf6 5. Nc3 a6 6. h3 e5 7. Nb3 Be6 8. f4 Qc7 9. f5 Bc4 10. g4 Bxf1 11. Rxf1 Qc4 12. Qd3 Qxd3 13. cxd3 Nc6 14. g5 Nd7 15. Nd5 Rc8 16. Be3 Ne7 17. Nb4 Nc5 18. Na5 b6 19. Nc4 Nxd3+ 20. Nxd3 Rxc4 21. Kd2 d5 22. f6 d4 23. Bg1 Ng6 24. fxg7 Bxg7 25. Rac1 b5 26. b3 Rxc1 27. Rxc1 O-O 28. Ke2 Ra8 29. Bh2 h6 30. gxh6 Bxh6 31. Rc6 Bg7 32. Bg3 f6 33. Nc5 a5 34. h4 Ne7 35. Rb6 b4 36. h5 Nc8 37. Rc6 Ne7 38. Rb6 Rc8 39. Rb5 Nc6 40. Nd7 Rc7 41. Rd5 Ne7 42. Rxd4 Rc2+ 43. Rd2 Rc3 44. Kf2 Kf7 45. Nb6 Bh6 46. Re2 Nc6 47. Nc4 Nd4 48. Rb2 a4 49. Kg2 Bc1 50. Rf2 Ke6 51. Nb6 Be3 52. Rb2 a3 53. Rb1 Rc2+ 54. Kh3 Rb2 55. Ra1 Nc2 56. Rd1 Bxb6 57. h6 Kf7 58. h7 Kg7 59. Rd7+ Kh8 60. Bh4 Bd8 61. Kg4 f5+ 62. Kh5 Bxh4 63. Kh6 Ne3 64. Rf7 Be7 65. Rxe7 Rh2+ 66. Kg6 Rg2+ 67. Kh6 Rh2+ 68. Kg6 Rg2+ 69. Kh6 Ng4+ 70. Kg6 Nf2+ 71. Kh6 Rh2+ 72. Kg6 Rg2+ 73. Kh6 1/2-1/2

[Event "Weekend Groninger Combinatie 2019"]
[Site "Groningen"]
[Date "2019.06.02"]
[Round "7.9"]
[White "Keuning, Selwin"]
[Black "Wuijts, Johan"]
[Result "1-0"]
[ECO "C01"]
[WhiteElo "2070"]
[BlackElo "1969"]
[Annotator "NA"]
[PlyCount "53"]
[EventDate "2019.05.30"]
[EventType "swiss"]
[EventCountry "NED"]
[SourceTitle "playchess.com"]
[Source "ChessBase"]
[SourceQuality "1"]
[TimeControl "5400+30"]

1. e4 e6 2. d4 d5 3. Nc3 Bb4 4. exd5 exd5 5. Bd3 $11 Nc6 6. Nf3 Nge7 7. O-O O-O 8. Ne2 Bf5 9. c3 Bd6 10. Bf4 Bxd3 11. Qxd3 Bxf4 12. Nxf4 Ng6 13. Nxg6 hxg6 14. b4 Re8 15. b5 Na5 16. Ne5 Qf6 17. Rae1 Qf5 18. Qg3 Re7 19. Qh4 Rae8 20. Nxg6 Qxg6 21. Rxe7 f6 22. Rxe8+ Qxe8 23. Qf4 Qxb5 24. Qxc7 Nc6 25. Qc8+ Kh7 26. Qf5+ Kg8 27. Re1 1-0

[Event "Weekend Groninger Combinatie 2019"]
[Site "Groningen"]
[Date "2019.06.02"]
[Round "7.10"]
[White "Seijen, Henk"]
[Black "Nicolai, Amir"]
[Result "0-1"]
[ECO "B33"]
[WhiteElo "1750"]
[BlackElo "2095"]
[Annotator "NA"]
[PlyCount "56"]
[EventDate "2019.05.30"]
[EventType "swiss"]
[EventCountry "NED"]
[SourceTitle "playchess.com"]
[Source "ChessBase"]
[SourceQuality "1"]
[TimeControl "5400+30"]

1. e4 c5 2. Nf3 Nc6 3. d4 cxd4 4. Nxd4 Nf6 5. Nc3 e5 6. Ndb5 d6 7. Bg5 a6 8. Na3 b5 9. Bxf6 gxf6 10. Nd5 Bg7 11. Bd3 Ne7 12. Nxe7 Qxe7 13. c3 f5 14. Nc2 Qb7 15. Qe2 fxe4 16. Qxe4 d5 17. Qh4 f5 18. O-O-O O-O 19. f3 a5 20. Ne3 b4 21. Nxd5 Kh8 22. c4 Be6 23. g4 Bxd5 24. cxd5 Qxd5 25. Kb1 e4 26. Be2 Qe5 27. Rd2 b3 28. a3 e3 0-1